AoeStats
← The Potato King

Arabia

509040983Analyzed
1v1 RM · 8d ago on Sep 25, 2026· 56m 29s· 2 players
Game mode
Random Map
Map size
Tiny (2 player)
Population
200
Speed
Normal
Resources
Standard
Victory
Conquest
Starting age
Dark Age
Ending age
Imperial Age
RankedLock teamsTeams togetherTeam positionsShared explorationLock speedFull tech treeHidden civsTurbo modeCheats
Victory
Defeat
1240
+16
🇬🇧 Franks · United Kingdom
1245
-16
杂鱼又被我屠农了呢
8:20 Loom
10:49 Feudal Age
14:38 Castle Age
21:17 Forging
26:34 Town Watch
27:27 Wheelbarrow
28:12 Bloodlines
28:03 Husbandry
29:41 Gold Mining
29:41 Stone Mining
30:12 Hand Cart
29:59 Town Patrol
29:47 Double-Bit Axe
31:54 Stone Shaft Mining
33:14 Iron Casting
32:44 Scale Barding Armor
33:23 Bow Saw
32:57 Horse Collar
35:54 Imperial Age
35:06 Chain Barding Armor
34:37 Fletching
35:19 Town Patrol
36:12 Treadmill Crane
37:53 Chemistry
37:12 Heavy Plow
38:16 Two-Man Saw
36:40 Cavalier
38:59 Crop Rotation
42:26 Plate Barding Armor
41:47 Bodkin Arrow
41:53 Padded Archer Armor
42:46 Spies/Treason
43:18 Elite Leitis
44:19 Conscription
47:02 Bracer
47:17 Leather Archer Armor
48:36 Redemption
51:24 Fervor
53:22 Illumination
The Potato King
2:51 Loom
10:57 Feudal Age
11:32 Double-Bit Axe
14:34 Wheelbarrow
15:39 Forging
35:36 Castle Age
40:26 Scale Barding Armor
Connection lost

Rejoining the realm…

Still unreachable

The connection could not be restored.

Session expired

The server has moved on; the page needs a fresh start.